 Dungeon Crawl Stone Soup version 0.29.1 (webtiles) character file.

Game seed: 4713272249466314118

454262 EvilAshe the Impregnable (level 25, -15/191 HPs)
             Began as a Human Fighter on Sept 14, 2022.
             Was the Champion of Jiyva.
             Killed from afar by a storm dragon (17 damage)
             ... with a bolt of lightning
             ... on level 4 of the Realm of Zot on Sept 15, 2022.
             The game lasted 03:52:17 (51104 turns).

EvilAshe the Impregnable (Human Fighter)           Turns: 51104, Time: 03:52:18

Health: -15/191    AC: 38    Str: 39 (40) XL:     25   Next: 21%
Magic:  0/23       EV: 18    Int:  4      God:    Jiyva [******]
Gold:   889        SH: 16    Dex: 16      Spells: 24/24 levels left

rFire   + + +      SeeInvis +   a - +9 scimitar (venom)
rCold   + + +      Faith    .   c - +2 shield of Resistance {rF++ rC++ Will++}
rNeg    . . .      Spirit   +   L - +7 gold dragon scales
rPois   +          Reflect  .   (helmet unavailable)
rElec   .          Harm     .   r - +2 cloak
rCorr   +          Rampage  .   F - +2 pair of gloves {hurl}
Will    +++..                   (no boots)
Stlth   ..........              G - amulet "Ybugaymm" {Spirit rC+}
HPRegen 2.01/turn               k - +6 ring of strength
MPRegen 0.68/turn               H - +4 ring of protection

@: slowed, very slow
A: antennae 3, talons 1, iridescent scales 1, agile 1, dopey 1, frail 1, strong
2, wild magic 1, eyeballs 1, pseudopods 1, tendrils, jelly absorbing missiles,
MP-powered wands, sturdy frame 2
}: 3/15 runes: decaying, slimy, gossamer
a: Renounce Religion, Oozemancy, Slimify


You were on level 4 of the Realm of Zot.
You worshipped Jiyva.
Jiyva was exalted by your worship.
You visited 9 branches of the dungeon, and saw 47 of its levels.
You visited 1 bazaar.
You also visited: Sewer and Ice Cave.

You collected 3244 gold pieces.
You spent 2355 gold pieces at shops.

Inventory:

Hand Weapons
 a - a +9 scimitar of venom (weapon)
 b - a +2 scimitar of flaming
 w - the +9 falchion of Accidental Termination {vorpal, rPois rF+ rN++ Int-4}
   (You found it on level 5 of the Pits of Slime)

   It inflicts extra damage upon your enemies.
   Int:       It affects your intelligence (-4).
   rF:        It protects you from fire.
   rPois:     It protects you from poison.
   rN:        It greatly protects you from negative energy.
Missiles
 e - 188 stones
 f - 33 poisoned darts
 K - 5 curare-tipped darts (quivered)
Armour
 c - the +2 shield of Resistance (worn) {rF++ rC++ Will++}
   (You bought it in a shop on level 2 of the Orcish Mines)

   rF:        It greatly protects you from fire.
   rC:        It greatly protects you from cold.
   Will:      It greatly increases your willpower.
 r - a +2 cloak (worn)
 F - a +2 pair of gloves of hurling (worn)
 L - +7 gold dragon scales (worn)
 R - a +0 helmet
Jewellery
 k - a +6 ring of strength (left hand)
 q - a ring of poison resistance
 y - a ring of see invisible
 C - the ring "Datet" {rF+ rN+ Will- Str+6}
   (You found it on level 5 of the Pits of Slime)

   [ring of strength]

   Str:       It affects your strength (+6).
   rF:        It protects you from fire.
   rN:        It protects you from negative energy.
   Will:      It decreases your willpower.
 G - the amulet "Ybugaymm" (around neck) {Spirit rC+}
   (You found it on level 5 of the Pits of Slime)

   [amulet of guardian spirit]

   It causes incoming damage to be divided between your reserves of health and
   magic.
   rC:        It protects you from cold.
 H - a +4 ring of protection (right hand)
 M - a ring of flight
 Y - the ring of Vikhleapp {+Blink rF+ Stlth+}
   (You found it on level 2 of the Depths)

   [ring of protection from fire]

   rF:        It protects you from fire.
   +Blink:    It lets you blink.
   Stlth:     It makes you more stealthy.
Wands
 d - a wand of roots (25)
 u - a wand of mindburst (20)
 x - a wand of digging (14)
 B - a wand of charming (19)
 Q - a wand of flame (30)
Scrolls
 h - 6 scrolls of teleportation
 i - 2 scrolls of blinking
 n - a scroll of summoning
 p - 2 scrolls of fear
 s - 3 scrolls of poison
 z - a scroll of magic mapping
 P - 2 scrolls of butterflies
 V - a scroll of silence
Potions
 g - 21 potions of curing
 l - a potion of resistance
 m - 5 potions of heal wounds
 o - 4 potions of mutation
 t - 2 potions of flight
 v - 3 potions of ambrosia
 D - 3 potions of cancellation
 E - 5 potions of lignification
 J - a potion of brilliance
 N - 5 potions of haste
Miscellaneous
 I - a condenser vane
 W - a lightning rod (4/4)


   Skills:
 + Level 20.9 Fighting
 - Level 14.0 Long Blades
 + Level 21.0 Armour
 + Level 19.2 Dodging
 + Level 16.1 Shields
 + Level 14.7 Evocations


You had 24 spell levels left.
You didn't know any spells.
Your spell library contained the following spells:

 Spells                   Type           Power      Damage    Failure   Level
 Apportation              Tloc           0%         N/A       98%         1
 Foxfire                  Conj/Fire      0%         2x1d4     98%         1
 Necrotise                Necr           0%         1d4       98%         1
 Summon Small Mammal      Summ           0%         N/A       98%         1
 Blink                    Tloc           0%         N/A       99%         2
 Ensorcelled Hibernation  Hex/Ice        0%         N/A       99%         2
 Passwall                 Tmut/Erth      0%         N/A       99%         2
 Conjure Flame            Conj/Fire      0%         6-21      100%        3
 Dazzling Flash           Conj/Hex       0%         N/A       100%        3
 Frozen Ramparts          Ice            0%         1d1       100%        3
 Ignite Poison            Fire/Tmut/Pois 0%         N/A       100%        3
 Inner Flame              Hex/Fire       0%         N/A       100%        3
 Lesser Beckoning         Tloc           0%         N/A       100%        3
 Mephitic Cloud           Conj/Pois/Air  0%         N/A       100%        3
 Ozocubu's Armour         Ice            0%         N/A       100%        3
 Portal Projectile        Hex/Tloc       0%         N/A       100%        3
 Swiftness                Air            0%         N/A       100%        3
 Tukima's Dance           Hex            0%         N/A       100%        3
 Flame Wave               Conj/Fire      0%         2d4       100%        4
 Ice Form                 Ice/Tmut       0%         N/A       100%        4
 Iskenderun's Mystic Bla  Conj/Tloc      0%         2d3       100%        4
 Petrify                  Tmut/Erth      0%         N/A       100%        4
 Sticky Flame             Conj/Fire      0%         2d3       100%        4
 Summon Ice Beast         Ice/Summ       0%         N/A       100%        4
 Alistair's Intoxication  Tmut/Pois      0%         N/A       100%        5
 Blade Hands              Tmut           0%         N/A       100%        5
 Freezing Cloud           Conj/Ice/Air   0%         6-21      100%        5
 Iskenderun's Battlesphe  Conj           0%         2d6       100%        5
 Manifold Assault         Tloc           0%         N/A       100%        5
 Metabolic Englaciation   Hex/Ice        0%         N/A       100%        5
 Summon Mana Viper        Hex/Summ       0%         N/A       100%        5
 Iron Shot                Conj/Erth      0%         9d1       100%        6
 Simulacrum               Ice/Necr       0%         N/A       100%        6
 Starburst                Conj/Fire      0%         6d3       100%        6
 Statue Form              Tmut/Erth      0%         N/A       100%        6
 Monstrous Menagerie      Summ           0%         N/A       100%        7
 Spellforged Servitor     Conj/Summ      0%         N/A       100%        7
 Storm Form               Tmut/Air       0%         N/A       100%        7


Dungeon Overview and Level Annotations

Branches:
Dungeon (15/15)            Temple (0/1) D:6            Lair (5/5) D:8
  Swamp (4/4) Lair:3       Spider (4/4) Lair:2        Slime (5/5) Lair:5
    Orc (2/2) D:11            Elf (0/3) Orc:2        Vaults (4/5) D:14
  Crypt (0/3) Vaults:3     Depths (4/4) D:15            Zot (4/5) Depths:4
  Sewer (visited)           IceCv (visited)

Altars:
Cheibriados
Dithmenos
Elyvilon
Fedhas
Gozag
Makhleb
Nemelex Xobeh
Yredelemnul
Zin
The Shining One
Jiyva

Shops:
D:12 *   Orc:2 *!?:(   Vaults:2 (   Depths:1 ?*

Portals:
Hell: Depths:1 Depths:2 Depths:3 Depths:4
Abyss: Depths:3
Pandemonium: Depths:2
Ziggurat: Depths:4

Annotations:
D:8 Lair
Slime:5 Royal Jelly
Depths:2 2 transporters, Sojobo
Depths:3 7 transporters, exclusion: 2 orange crystal statues, Dameikh's ghost, veteran FoFi; Roah's ghost, veteran FoFi


Innate Abilities, Weirdness & Mutations

You have a pair of large antennae on your head. (SInv)
You have sharp toenails.
You are partially covered in iridescent scales. (AC +2)
You are agile. (Dex +4, Str/Int -1)
You are dopey. (Int -2)
You are frail. (-10% HP)
Your muscles are very strong. (Str +8, Int/Dex -2)
Your spells are a little harder to cast, but a little more powerful.
Your body has grown eyes which may confuse attackers. (Acc +3)
Armour fits poorly on your pseudopods.
You are covered in slimy tendrils that may disarm your opponents.
You have a small jelly attached to you that may absorb projectiles.
You expend magic power (3 MP) to strengthen your wands.
Your movements are less encumbered by armour. (ER -4)


Message History

You feel yourself speed up.
The storm dragon breathes lightning at you.
The bolt of lightning misses you.
A curse toe comes into view.
You block the storm dragon's attack. The storm dragon completely misses you.
You block the storm dragon's attack. You block the death cob's attack.
The death cob attacks as you move away! You block the death cob's attack. x2
The black draconian completely misses you.
The yellow draconian annihilator spits acid at you.
The glob of acid hits you. You resist. The storm dragon bites you!
The storm dragon claws you but does no damage.
The storm dragon completely misses you. You block the death cob's attack.
The black draconian attacks as you move away!
The black draconian completely misses you.
The storm dragon breathes lightning at you.
The bolt of lightning hits you!! x2
The bolt of lightning hits the storm dragon.
The storm dragon completely resists.
The bolt of lightning hits the storm dragon.
The storm dragon completely resists.
The yellow draconian annihilator casts a spell at you.
The crystal spear hits you!!!
* * * LOW HITPOINT WARNING * * *
The death cob hits you!
* * * LOW HITPOINT WARNING * * *
The death cob drains your vigour!
You feel yourself slow down.
The curse toe calls on the powers of darkness!
The storm dragon convulses!
The purple draconian shifter convulses!
The black draconian convulses!
Your body is wracked with pain!
* * * LOW HITPOINT WARNING * * *
The red draconian scorcher convulses!
You hear a roar!
There is a stone staircase leading up, spattered with blood here.
The death cob misses you. The death cob hits you!!
* * * LOW HITPOINT WARNING * * *
The death cob drains your vigour!
You feel as though you will be slow longer.
The storm dragon breathes lightning at you.
The bolt of lightning misses you. The bolt of lightning hits you!!
You die...

## ... .## ...^
..##
....#########...# #
$.....q.......# .#
......##@d....##..#
.......DDz.........
..!..).D.......z..
..........:...##○
....###..q..#.$#
... #...#.q## >..#
.. .....#.... ..#
##............ .
##............#


You could see 3 storm dragons, a black draconian, a curse toe, a purple
draconian shifter, a death cob, a yellow draconian annihilator (catching breath)
and a red draconian scorcher.

Vanquished Creatures
  2 orbs of fire
  2 Killer Klowns (Zot:1)
  2 golden dragons
  Saint Roka (Depths:2)
  Margery (Depths:2)
  5 caustic shrikes
  Nikola (Swamp:1)
  3 bone dragons (Depths:4)
  A pearl dragon (Depths:3)
  4 hellephants
  Jorgrun (D:14)
  9 tentacled monstrosities
  A walking crystal tome (Depths:3)
  A walking earthen tome (Depths:1)
  4 quicksilver dragons
  A titan (Depths:1)
  A walking divine tome (Depths:2)
  10 death cobs
  4 tengu reavers
  3 sphinxes
  7 shadow dragons
  2 thorn hunters (Swamp:4)
  Kirke (Lair:3)
  5 storm dragons
  3 draconian monks
  5 fire giants
  6 draconian knights
  10 frost giants
  2 draconian stormcallers (Zot:1)
  7 draconian scorchers
  5 vault wardens
  3 emperor scorpions
  3 orc warlords
  6 spriggan defenders
  10 ghost moths
  3 draconian annihilators
  26 very ugly things
  5 ironbound preservers
  15 stone giants
  4 broodmothers
  An ophan (Depths:3)
  2 vampire knights
  10 black draconians
  8 ironbound thunderhulks
  An apis (Depths:3)
  4 yellow draconians
  5 eleionomae
  6 white draconians
  8 bunyips
  11 dire elephants
  10 green draconians
  11 entropy weavers
  11 spark wasps
  9 purple draconians
  The ghost of NeverExisted the Geomancer, a journeyman GrEE of Vehumet (Lair:4)
  Snorg (D:14)
  10 red draconians
  7 ettins
  Josephine (Lair:3)
  2 shambling mangroves (Swamp:4)
  5 fire dragons
  9 yaktaur captains
  4 rakshasas
  A peacekeeper (Vaults:3)
  19 hydras
  4 boulder beetles
  3 ghost crabs
  11 vault guards
  10 ice dragons
  2 radroaches (Spider:3)
  4 spriggan air magi
  6 ironbound frosthearts
  17 centaur warriors
  3 catoblepae
  A jorogumo (Spider:3)
  An ogre mage (D:14)
  Erica (D:8)
  4 two-headed ogres
  26 death yaks
  3 tengu warriors
  8 alligators
  6 deep troll earth magi
  8 deep troll shamans
  9 spriggan berserkers
  Urug (Lair:3)
  2 vampire magi (Depths:2)
  8 hell knights
  A sun moth (Spider:2)
  Amaemon (Lair:1)
  A titan skeleton (Vaults:3)
  5 iron trolls
  5 pharaoh ants
  6 skeletal warriors
  4 goliath frogs
  3 steelbarb worms
  3 flayed ghosts
  7 orb spiders
  9 bog bodies (Swamp:4)
  27 deep trolls
  15 swamp dragons
  Lodul (D:14)
  13 ironbound convokers
  8 orc knights
  5 wizards
  5 spriggan druids
  4 necromancers
  16 lindwurms
  A phantasmal warrior (Vaults:2)
  4 orc sorcerers
  37 ugly things
  3 deep elf pyromancers
  4 manticores
  4 oklob plants (Lair:4)
  19 wolf spiders
  6 cyclopes
  A moth of wrath (shapeshifter) (D:14)
  2 tengu skeletons (Vaults:3)
  5 human skeletons
  4 will-o-the-wisps
  24 moths of wrath
  9 black mambas
  2 stone giant skeletons (Vaults:3)
  11 vault sentinels
  2 orange demons
  3 elephants (Lair:3)
  A gargoyle (D:14)
  22 cane toads
  10 rime drakes
  3 torpor snails
  2 human zombies (Vaults:3)
  4 unseen horrors
  4 demonic crawlers
  2 elf skeletons
  10 komodo dragons
  8 kobold demonologists
  16 yaktaurs
  10 tengu conjurers
  13 meliai
  12 tyrant leeches
  3 polar bears (IceCv)
  9 trolls
  13 hornets
  An ettin zombie (Vaults:3)
  24 tarantellas
  32 blink frogs
  18 jumping spiders
  4 dream sheep (Lair:5)
  A vampire (D:13)
  Sigmund (D:3)
  A shadow (D:10)
  3 wyverns
  8 wraiths
  24 culicivoras
  13 spriggans
  34 yaks
  2 ettin skeletons (Vaults:3)
  A golden eye (shapeshifter) (Depths:2)
  5 hogs (Lair:3)
  A human (D:14)
  A water elemental (D:15)
  Grum (D:9)
  17 vampire mosquitoes
  2 basilisks (Lair:2)
  51 redbacks
  2 glowing shapeshifter zombies
  3 wargs
  14 swamp worms
  4 acid dragons
  A glowing shapeshifter skeleton (Vaults:3)
  17 water moccasins
  2 sky beasts
  5 swamp drakes
  58 orc warriors
  2 black bears
  12 ogres
  19 centaurs
  25 wolves
  12 kobold brigands
  A phantom (D:6)
  2 necrophages
  13 bullfrogs
  5 gnoll sergeants
  9 scorpions
  8 wights
  18 killer bees
  5 howler monkeys
  An electric eel (Lair:5)
  2 hounds
  16 orc priests
  A jelly (Sewer)
  Jessica (D:2)
  Ijyb (D:3)
  2 gnoll boudas
  6 iguanas
  Natasha (thrice) (D:3)
  16 orc wizards
  A scorpion zombie (D:3)
  4 hell rats (Lair:5)
  17 gnolls
  5 adders
  2 river rats
  2 shadow imps
  A white imp (D:7)
  An ufetubus (D:13)
  4 worms
  A dart slug (D:3)
  90 orcs
  19 endoplasms
  10 giant cockroaches
  11 goblins
  13 hobgoblins
  3 jackals
  25 kobolds
  3 quokkas
  12 ball pythons
  A ball python zombie (D:3)
  4 bats
  6 frilled lizards
  10 rats
1678 creatures vanquished.

Vanquished Creatures (collateral kills)
  A curse toe (Zot:2)
  A vault guard (Vaults:1)
  An alligator (Swamp:1)
  2 orb spiders
  A polar bear (IceCv)
  A culicivora (Spider:3)
  A redback (Spider:2)
  2 wolves (IceCv)
10 creatures vanquished.

Vanquished Creatures (others)
  A lich (Depths:2)
  An acid blob (Vaults:3)
  A storm dragon (Depths:4)
  An emperor scorpion (shapeshifter) (Depths:3)
  A draconian knight (Zot:3)
  2 quicksilver oozes (shapeshifter) (Zot:2)
  An ironbound thunderhulk (Vaults:3)
  An azure jelly (Depths:3)
  An entropy weaver (shapeshifter) (Depths:3)
  5 great orbs of eyes
  A great orb of eyes (shapeshifter) (Depths:3)
  A hydra (Swamp:3)
  A spriggan air mage (Depths:4)
  2 ironbound frosthearts
  2 death yaks
  A tengu warrior (Depths:3)
  3 glowing orange brains
  A spriggan berserker (Depths:4)
  A goliath frog (Swamp:3)
  A spriggan druid (Swamp:3)
  A swamp dragon (Swamp:4)
  A sea snake (shapeshifter) (D:15)
  A lindwurm (shapeshifter) (Zot:2)
  A lindwurm (Vaults:1)
  A necromancer (Vaults:1)
  A wizard (Vaults:1)
  3 harpies (Vaults:1)
  2 shining eyes (shapeshifter) (Zot:2)
  An ugly thing (D:15)
  A rime drake (IceCv)
  2 floating eyes (Depths:2)
  2 bloated husks
  33 slime creatures
  A snapping turtle (shapeshifter) (Zot:2)
  A tyrant leech (Swamp:3)
  A wyvern (D:8)
  2 redbacks
  2 swamp worms
  A water moccasin (D:8)
  A swamp drake (Swamp:3)
  3 centaurs
  3 wolves
  A bullfrog (Lair:5)
  292 jellies
  3 killer bees
  2 howler monkeys
  4 electric eels
  2 hounds (D:8)
  2 orc priests
  3 orc wizards
  2 gnolls (D:11)
  30 orcs
  An endoplasm (D:4)
  4 goblins (D:8)
  A hobgoblin (D:4)
  5 briar patches (Swamp:4)
  A butterfly (Swamp:3)
  23 foxfires
  86 fungi
  218 plants
774 creatures vanquished.

Grand Total: 2462 creatures vanquished

Notes
Turn   | Place    | Note
-------+----------+-------------------------------------------
     0 | D:1      | EvilAshe the Human Fighter began the quest for the Orb.
     0 | D:1      | Reached XP level 1. HP: 18/18 MP: 1/1
    64 | D:1      | Reached XP level 2. HP: 14/24 MP: 2/2
   468 | D:1      | Reached XP level 3. HP: 29/29 MP: 3/3
  1124 | D:2      | Reached XP level 4. HP: 35/35 MP: 4/4
  1506 | D:2      | Noticed Jessica
  1523 | D:2      | Killed Jessica
  1524 | D:2      | Reached skill level 5 in Long Blades
  1524 | D:2      | Reached XP level 5. HP: 31/41 MP: 5/5
  1905 | D:2      | Reached XP level 6. HP: 20/47 MP: 6/6
  2094 | D:3      | Noticed Ijyb
  2111 | D:3      | Killed Ijyb
  2231 | D:3      | Noticed Sigmund
  2293 | D:3      | Noticed Natasha
  2315 | D:3      | Killed Natasha
  2465 | D:3      | Found a basalt altar of Yredelemnul.
  2517 | D:5      | Entered Level 5 of the Dungeon
  2566 | D:5      | Reached XP level 7. HP: 44/52 MP: 7/7
  2599 | D:5      | Noticed a water moccasin
  2618 | D:5      | Killed a water moccasin
  2692 | D:3      | Noticed Natasha
  2719 | D:3      | Found a shadowy altar of Dithmenos.
  2725 | D:3      | Found a sparkling altar of Nemelex Xobeh.
  2731 | D:3      | Found a snail-covered altar of Cheibriados.
  2761 | D:3      | Killed Natasha
  2774 | D:3      | Noticed Natasha
  2791 | D:3      | Killed Natasha
  2929 | D:5      | Found a glowing drain.
  2939 | Sewer    | Entered a sewer
  3089 | Sewer    | Found a viscous altar of Jiyva.
  3117 | Sewer    | Became a worshipper of Jiyva Jefuamum the Shapeless
  3208 | D:5      | Reached XP level 8. HP: 54/58 MP: 8/8
  3572 | D:4      | Reached * piety under Jiyva
  3859 | D:5      | Found a blossoming altar of Fedhas.
  3965 | D:5      | Found a glowing silver altar of Zin.
  4313 | D:6      | Reached skill level 10 in Long Blades
  4520 | D:6      | Noticed a yak
  4520 | D:6      | Noticed a yak
  4520 | D:6      | Noticed a yak
  4522 | D:6      | Noticed a yak
  4578 | D:5      | Killed a yak
  4579 | D:5      | Reached XP level 9. HP: 26/63 MP: 9/9
  4840 | D:6      | Reached ** piety under Jiyva
  5151 | D:6      | Found a staircase to the Ecumenical Temple.
  5967 | D:7      | Reached *** piety under Jiyva
  6320 | D:7      | Reached XP level 10. HP: 69/70 MP: 10/10
  6697 | D:8      | Reached skill level 4 in Armour
  7044 | D:8      | Gained mutation: Your melee attacks may engulf your foes in
                  | ooze. [Jiyva's grace]
  7044 | D:8      | Gained mutation: You have a small jelly attached to you
                  | that senses nearby items. [Jiyva's grace]
  7044 | D:8      | Gained mutation: You have a small jelly attached to you
                  | that may absorb projectiles. [Jiyva's grace]
  7044 | D:8      | Gained mutation: You are covered in slimy tendrils that may
                  | disarm your opponents. [Jiyva's grace]
  7103 | D:8      | Noticed Erica
  7115 | D:8      | Killed Erica
  7298 | D:8      | Reached skill level 5 in Fighting
  7298 | D:8      | Reached skill level 5 in Armour
  7320 | D:8      | Reached **** piety under Jiyva
  7550 | D:8      | Lair
  7575 | D:9      | Noticed Grum
  7630 | D:9      | Killed Grum
  8149 | D:9      | Reached ***** piety under Jiyva
  8411 | D:10     | Entered Level 10 of the Dungeon
  8477 | D:10     | Lost mutation: You are covered in slimy tendrils that may
                  | disarm your opponents. [Jiyva's grace]
  8477 | D:10     | Lost mutation: Your melee attacks may engulf your foes in
                  | ooze. [Jiyva's grace]
  8477 | D:10     | Gained mutation: You are partially covered in iridescent
                  | scales. (AC +2) [Jiyva's grace]
  8477 | D:10     | Gained mutation: You are mostly covered in iridescent
                  | scales. (AC +4) [Jiyva's grace]
  8477 | D:10     | Gained mutation: You are completely covered in iridescent
                  | scales. (AC +6) [Jiyva's grace]
  8477 | D:10     | Gained mutation: You are covered in fur. (AC +1) [Jiyva's
                  | grace]
  8486 | D:9      | Reached XP level 11. HP: 81/81 MP: 11/11
  8690 | D:9      | Reached skill level 6 in Armour
  8815 | D:10     | Noticed a two-headed ogre
  8994 | D:10     | Killed a two-headed ogre
  8995 | D:10     | Reached skill level 7 in Armour
  9463 | D:10     | Found a burning altar of Makhleb.
  9846 | D:11     | Reached ****** piety under Jiyva
  9875 | D:11     | Reached skill level 8 in Armour
  9895 | D:11     | Noticed a manticore
  9911 | D:11     | Killed a manticore
  9932 | D:11     | Found a staircase to the Orcish Mines.
 10066 | D:11     | Reached skill level 1 in Evocations
 10369 | D:11     | Reached XP level 12. HP: 92/94 MP: 12/12
 10880 | D:3      | Killed Sigmund
 11057 | D:8      | Found a staircase to the Lair.
 11069 | Lair:1   | Entered Level 1 of the Lair of Beasts
 11078 | Lair:1   | Reached skill level 9 in Armour
 11149 | Lair:1   | Gained mutation: Your melee attacks may engulf your foes in
                  | ooze. [Jiyva's grace]
 11149 | Lair:1   | Gained mutation: Your translucent skin slightly reduces
                  | your foes' accuracy. (Stealth+) [Jiyva's grace]
 11149 | Lair:1   | Gained mutation: Your translucent skin reduces your foes'
                  | accuracy. (Stealth+) [Jiyva's grace]
 11149 | Lair:1   | Gained mutation: Your transparent skin significantly
                  | reduces your foes' accuracy. (Stealth+) [Jiyva's grace]
 11505 | Lair:1   | Noticed Amaemon
 11526 | Lair:1   | Killed Amaemon
 11969 | Lair:1   | Reached skill level 1 in Dodging
 12066 | Lair:2   | Reached skill level 5 in Evocations
 12186 | Lair:2   | Found a hole to the Spider Nest.
 12331 | Lair:3   | Reached skill level 10 in Armour
 12359 | Lair:3   | Found a staircase to the Swamp.
 12360 | Lair:3   | Noticed a swamp dragon
 12373 | Lair:3   | Reached skill level 10 in Fighting
 12390 | Lair:3   | Killed a swamp dragon
 12533 | Lair:3   | Reached XP level 13. HP: 103/103 MP: 13/13
 12657 | Lair:3   | Noticed Kirke
 12855 | Lair:3   | Lost mutation: You are completely covered in iridescent
                  | scales. (AC +6) [Jiyva's grace]
 12855 | Lair:3   | Lost mutation: Your transparent skin significantly reduces
                  | your foes' accuracy. (Stealth+) [Jiyva's grace]
 12855 | Lair:3   | Gained mutation: You are completely covered in iridescent
                  | scales. (AC +6) [Jiyva's grace]
 12855 | Lair:3   | Gained mutation: Your body has grown eyes which may confuse
                  | attackers. (Acc +3) [Jiyva's grace]
 12855 | Lair:3   | Gained mutation: Your body has grown many eyes which may
                  | confuse attackers. (Acc +5) [Jiyva's grace]
 12855 | Lair:3   | Gained mutation: Your body is covered in eyes which may
                  | confuse attackers. (Acc +7, SInv) [Jiyva's grace]
 12909 | Lair:3   | Noticed Urug
 12935 | Lair:3   | Killed Urug
 14163 | Lair:3   | Killed Kirke
 14164 | Lair:3   | Reached skill level 5 in Dodging
 14258 | Lair:4   | Reached skill level 11 in Armour
 14420 | Lair:4   | Noticed Josephine
 14444 | Lair:3   | Killed Josephine
 14500 | Lair:4   | Noticed a catoblepas
 14649 | Lair:3   | Killed a catoblepas
 14696 | Lair:4   | Noticed NeverExisted's ghost (journeyman GrEE)
 14844 | Lair:3   | Reached XP level 14. HP: 82/113 MP: 14/14
 14887 | Lair:4   | Noticed Rupert
 15080 | Lair:4   | Found a runed translucent door.
 15172 | Lair:5   | Entered Level 5 of the Lair of Beasts
 15293 | Lair:4   | Lost mutation: Your body is covered in eyes which may
                  | confuse attackers. (Acc +7, SInv) [Jiyva's grace]
 15293 | Lair:4   | Lost mutation: Your translucent skin reduces your foes'
                  | accuracy. (Stealth+) [Jiyva's grace]
 15293 | Lair:4   | Gained mutation: You passively dampen the noise of your
                  | surroundings. [Jiyva's grace]
 15293 | Lair:4   | Gained mutation: Your muscles are strong. (Str +4, Int/Dex
                  | -1) [Jiyva's grace]
 15293 | Lair:4   | Gained mutation: Your muscles are very strong. (Str +8,
                  | Int/Dex -2) [Jiyva's grace]
 15293 | Lair:4   | Gained mutation: You have large cloven feet. [Jiyva's
                  | grace]
 15765 | Lair:4   | Slimified Rupert
 15765 | Lair:4   | Noticed Rupert
 15765 | Lair:4   | Rupert changed into Rupert the azure jelly
 16005 | Lair:4   | Reached skill level 12 in Armour
 16261 | Lair:5   | Found a staircase to the Slime Pits.
 16262 | Lair:5   | Found a viscous altar of Jiyva.
 16851 | Lair:5   | Reached XP level 15. HP: 100/122 MP: 15/15
 17013 | Lair:5   | Reached skill level 10 in Evocations
 17162 | Lair:5   | Reached skill level 13 in Armour
 17442 | Lair:5   | Found the +9 heavy crossbow "Sniper" {vorpal, Acc+∞ SInv}
 17471 | Lair:5   | Identified the +1 robe of Distant Shores {+Blink rElec
                  | Str-4 Int+7}
 17472 | Lair:5   | Identified the +5 sling of Outrage {speed, rElec Will+
                  | Str+3}
 17590 | Lair:4   | Killed NeverExisted's ghost
 17622 | Swamp:1  | Entered Level 1 of the Swamp
 17653 | Swamp:1  | You fall into a shaft and drop 1 floor!
 17811 | Swamp:1  | Noticed Nikola
 18033 | Swamp:2  | Lost mutation: You are completely covered in iridescent
                  | scales. (AC +6) [Jiyva's grace]
 18033 | Swamp:2  | Lost mutation: You are mostly covered in iridescent scales.
                  | (AC +4) [Jiyva's grace]
 18033 | Swamp:2  | Lost mutation: Your muscles are very strong. (Str +8,
                  | Int/Dex -2) [Jiyva's grace]
 18033 | Swamp:2  | Gained mutation: You have very sharp teeth. [Jiyva's grace]
 18033 | Swamp:2  | Gained mutation: You have extremely sharp teeth. [Jiyva's
                  | grace]
 18033 | Swamp:2  | Gained mutation: You have razor-sharp teeth. [Jiyva's
                  | grace]
 18033 | Swamp:2  | Gained mutation: You have hoof-like feet. [Jiyva's grace]
 18645 | D:12     | Found Pozovvah's Assorted Antiques.
 18652 | D:12     | Bought a scroll labelled SAACHENLYVU for 37 gold pieces
 18652 | D:12     | Bought a potion of heal wounds for 185 gold pieces
 19283 | D:13     | Reached skill level 10 in Dodging
 19283 | D:13     | Reached XP level 16. HP: 95/131 MP: 16/16
 19298 | D:13     | Found a frozen archway.
 19317 | D:13     | Identified the +5 whip of Unpleasantness {protect, Fragile
                  | rElec rCorr Dex+2}
 19325 | IceCv    | Entered an ice cave
 19622 | IceCv    | Noticed a frost giant
 19650 | IceCv    | Killed a frost giant
 19953 | D:13     | Reached skill level 14 in Armour
 20168 | D:13     | Lost mutation: You are covered in fur. (AC +1) [Jiyva's
                  | grace]
 20168 | D:13     | Lost mutation: Your body has grown many eyes which may
                  | confuse attackers. (Acc +5) [Jiyva's grace]
 20168 | D:13     | Lost mutation: You have a small jelly attached to you that
                  | senses nearby items. [Jiyva's grace]
 20168 | D:13     | Lost mutation: You passively dampen the noise of your
                  | surroundings. [Jiyva's grace]
 20168 | D:13     | Gained mutation: You are covered in slimy tendrils that may
                  | disarm your opponents. [Jiyva's grace]
 20168 | D:13     | Gained mutation: Your body has grown many eyes which may
                  | confuse attackers. (Acc +5) [Jiyva's grace]
 20168 | D:13     | Gained mutation: Your body is covered in eyes which may
                  | confuse attackers. (Acc +7, SInv) [Jiyva's grace]
 20168 | D:13     | Gained mutation: You are robust. (+10% HP) [Jiyva's grace]
 20363 | D:14     | Noticed Lodul
 20720 | D:14     | Noticed Jorgrun
 20735 | D:14     | Killed Jorgrun
 20902 | D:15     | Entered Level 15 of the Dungeon
 20915 | D:14     | Noticed Snorg
 20922 | D:14     | Killed Snorg
 21082 | D:14     | Killed Lodul
 21419 | D:14     | Found a gate to the Vaults.
 21711 | Orc:1    | Entered Level 1 of the Orcish Mines
 21829 | Orc:2    | Entered Level 2 of the Orcish Mines
 21843 | Orc:2    | Found Peippe's Antique Weapon Boutique.
 21979 | Orc:1    | Reached XP level 17. HP: 143/154 MP: 17/17
 22451 | Orc:2    | Lost mutation: You are partially covered in iridescent
                  | scales. (AC +2) [Jiyva's grace]
 22451 | Orc:2    | Gained mutation: You have acidic saliva. [Jiyva's grace]
 22451 | Orc:2    | Gained mutation: You are strong-willed. (Will+) [Jiyva's
                  | grace]
 22451 | Orc:2    | Gained mutation: You are highly strong-willed. (Will++)
                  | [Jiyva's grace]
 22451 | Orc:2    | Gained mutation: You are extremely strong-willed. (Will+++)
                  | [Jiyva's grace]
 22522 | Orc:2    | Found Uqeitum's Distillery.
 22522 | Orc:2    | Found Ydalagata's Magic Scroll Emporium.
 22524 | Orc:2    | Found Faor Vio's Book Shoppe.
 22526 | Orc:2    | Found Suif's General Store.
 22531 | Orc:2    | Bought the +2 shield of Resistance {rF++ rC++ Will++} for
                  | 775 gold pieces
 22531 | Orc:2    | Found the +2 shield of Resistance {rF++ rC++ Will++}
 22549 | Orc:2    | Bought a scroll of teleportation for 45 gold pieces
 22549 | Orc:2    | Bought a scroll of blinking for 112 gold pieces
 22551 | Orc:2    | Bought 2 potions of heal wounds for 100 gold pieces
 22551 | Orc:2    | Bought a potion of haste for 100 gold pieces
 22640 | Orc:2    | Found a staircase to the Elven Halls.
 23631 | Swamp:1  | Killed Nikola
 23950 | Swamp:2  | Reached skill level 15 in Armour
 23962 | Swamp:2  | Reached skill level 15 in Fighting
 24725 | Swamp:4  | Entered Level 4 of the Swamp
 24742 | Swamp:3  | Reached skill level 5 in Shields
 25161 | Swamp:4  | Lost mutation: You have hoof-like feet. [Jiyva's grace]
 25161 | Swamp:4  | Lost mutation: You have acidic saliva. [Jiyva's grace]
 25161 | Swamp:4  | Lost mutation: Your body is covered in eyes which may
                  | confuse attackers. (Acc +7, SInv) [Jiyva's grace]
 25161 | Swamp:4  | Lost mutation: Your body has grown many eyes which may
                  | confuse attackers. (Acc +5) [Jiyva's grace]
 25161 | Swamp:4  | Lost mutation: Your translucent skin slightly reduces your
                  | foes' accuracy. (Stealth+) [Jiyva's grace]
 25161 | Swamp:4  | Gained mutation: Your movements are slightly less
                  | encumbered by armour. (ER -2) [Jiyva's grace]
 25161 | Swamp:4  | Gained mutation: Your movements are less encumbered by
                  | armour. (ER -4) [Jiyva's grace]
 25161 | Swamp:4  | Gained mutation: Your movements are significantly less
                  | encumbered by armour. (ER -6) [Jiyva's grace]
 25161 | Swamp:4  | Gained mutation: Your rubbery body absorbs attacks. (AC +1,
                  | EV +1) [Jiyva's grace]
 25331 | Swamp:4  | Noticed Aizul
 25437 | Swamp:4  | Noticed a thorn hunter
 25513 | Swamp:3  | HP: 7/156 [poison (poison gas)]
 25765 | Swamp:4  | Killed a thorn hunter
 25946 | Swamp:3  | Reached XP level 18. HP: 158/163 MP: 18/18
 25991 | Swamp:4  | Slimified Aizul
 25991 | Swamp:4  | Noticed Aizul
 25991 | Swamp:4  | Aizul changed into Aizul the slime creature
 26685 | Swamp:4  | Killed Aizul the slime creature
 27158 | Swamp:4  | Got a decaying rune of Zot
 27384 | Spider:1 | Entered Level 1 of the Spider Nest
 27426 | Lair:2   | Reached skill level 16 in Armour
 28020 | Spider:1 | You are sucked into a shaft and drop 1 floor!
 29093 | Spider:2 | Reached XP level 19. HP: 163/174 MP: 15/19
 29847 | Spider:2 | Lost mutation: You have razor-sharp teeth. [Jiyva's grace]
 29847 | Spider:2 | Lost mutation: You are extremely strong-willed. (Will+++)
                  | [Jiyva's grace]
 29847 | Spider:2 | Lost mutation: You are robust. (+10% HP) [Jiyva's grace]
 29847 | Spider:2 | Lost mutation: You are covered in slimy tendrils that may
                  | disarm your opponents. [Jiyva's grace]
 29847 | Spider:2 | Lost mutation: Your movements are significantly less
                  | encumbered by armour. (ER -6) [Jiyva's grace]
 29847 | Spider:2 | Lost mutation: Your movements are less encumbered by
                  | armour. (ER -4) [Jiyva's grace]
 29847 | Spider:2 | Lost mutation: Your melee attacks may engulf your foes in
                  | ooze. [Jiyva's grace]
 29847 | Spider:2 | Gained mutation: Your spells are a little harder to cast,
                  | but a little more powerful. [Jiyva's grace]
 29847 | Spider:2 | Gained mutation: Your spells are harder to cast, but more
                  | powerful. [Jiyva's grace]
 29847 | Spider:2 | Gained mutation: Your spells are much harder to cast, but
                  | much more powerful. [Jiyva's grace]
 29847 | Spider:2 | Gained mutation: You possess an exceptional clarity of
                  | mind. [Jiyva's grace]
 29866 | Spider:2 | Identified the +0 robe of Lemeoga {*Corrode rC++ Str+3
                  | SInv}
 30074 | Spider:3 | Noticed Arachne
 30292 | Spider:4 | Entered Level 4 of the Spider Nest
 30843 | Spider:3 | Slimified Arachne
 30843 | Spider:3 | Noticed Arachne
 30843 | Spider:3 | Arachne changed into Arachne the acid blob
 31552 | Spider:3 | Gained mutation: Your magical capacity is low. (-10% MP)
                  | [mutagenic glow]
 32412 | Spider:4 | Reached skill level 17 in Armour
 32669 | Spider:4 | Got a gossamer rune of Zot
 33046 | Vaults:1 | Entered Level 1 of the Vaults
 33278 | Vaults:1 | Reached skill level 10 in Shields
 33535 | Vaults:1 | Reached XP level 20. HP: 136/168 MP: 18/18
 33578 | Vaults:1 | Lost mutation: You have extremely sharp teeth. [Jiyva's
                  | grace]
 33578 | Vaults:1 | Lost mutation: You have very sharp teeth. [Jiyva's grace]
 33578 | Vaults:1 | Lost mutation: Your spells are much harder to cast, but
                  | much more powerful. [Jiyva's grace]
 33578 | Vaults:1 | Gained mutation: You are partially covered in iridescent
                  | scales. (AC +2) [Jiyva's grace]
 33578 | Vaults:1 | Gained mutation: You are mostly covered in iridescent
                  | scales. (AC +4) [Jiyva's grace]
 33578 | Vaults:1 | Gained mutation: You are completely covered in iridescent
                  | scales. (AC +6) [Jiyva's grace]
 33578 | Vaults:1 | Gained mutation: You are covered in slimy tendrils that may
                  | disarm your opponents. [Jiyva's grace]
 34017 | Vaults:1 | Reached skill level 15 in Dodging
 35686 | Vaults:3 | Noticed an ancient lich
 35694 | Vaults:3 | Slimified an ancient lich
 35694 | Vaults:3 | an ancient lich changed into an acid blob
 36007 | Vaults:2 | Reached skill level 18 in Armour
 36254 | Vaults:3 | Reached XP level 21. HP: 131/177 MP: 18/18
 36297 | Vaults:3 | Found a flickering gateway to a bazaar.
 36307 | Bazaar   | Entered a bazaar
 36332 | Bazaar   | Found Farpha's Antique Armour Shoppe.
 36338 | Bazaar   | Bought an ancient plate armour for 280 gold pieces
 36338 | Bazaar   | Identified the +3 plate armour "Foxenlix" {Slay+2} (You
                  | bought it in a shop in a bazaar)
 36369 | Bazaar   | Found Astror's Distillery.
 36388 | Bazaar   | Found Tonio's Antique Weapon Emporium.
 36403 | Bazaar   | Found Pawnas's Weapon Emporium.
 36453 | Bazaar   | Bought a potion of curing for 51 gold pieces
 36453 | Bazaar   | Bought 2 potions of haste for 340 gold pieces
 36453 | Bazaar   | Bought a potion of curing for 51 gold pieces
 36453 | Bazaar   | Bought a potion of heal wounds for 85 gold pieces
 36976 | Vaults:2 | Found Iddett's Antique Weapon Shoppe.
 37095 | Vaults:3 | Identified the +4 shortbow "Cenedasin" {flame, rF+ Str+4
                  | SInv}
 37741 | Vaults:3 | Found a staircase to the Crypt.
 38261 | Vaults:4 | Lost mutation: You have large cloven feet. [Jiyva's grace]
 38261 | Vaults:4 | Lost mutation: You are completely covered in iridescent
                  | scales. (AC +6) [Jiyva's grace]
 38261 | Vaults:4 | Lost mutation: Your magical capacity is low. (-10% MP)
                  | [Jiyva's grace]
 38261 | Vaults:4 | Lost mutation: You are highly strong-willed. (Will++)
                  | [Jiyva's grace]
 38261 | Vaults:4 | Lost mutation: Your spells are harder to cast, but more
                  | powerful. [Jiyva's grace]
 38261 | Vaults:4 | Gained mutation: Your melee attacks may engulf your foes in
                  | ooze. [Jiyva's grace]
 38261 | Vaults:4 | Gained mutation: You have a small jelly attached to you
                  | that senses nearby items. [Jiyva's grace]
 38261 | Vaults:4 | Gained mutation: Your pliable body absorbs attacks. (AC +2,
                  | EV +2) [Jiyva's grace]
 38261 | Vaults:4 | Gained mutation: Your gelatinous body deflects attacks. (AC
                  | +3, EV +3) [Jiyva's grace]
 38870 | Slime:1  | Entered Level 1 of the Pits of Slime
 38908 | Slime:5  | Entered Level 5 of the Pits of Slime
 38926 | Slime:5  | Found a viscous altar of Jiyva.
 38926 | Slime:5  | Noticed the Royal Jelly
 38928 | Slime:5  | Found the +8 orange crystal plate armour {Archmagi, Int+3
                  | Clar}
 38931 | Slime:5  | Identified the +9 falchion of Accidental Termination
                  | {vorpal, rPois rF+ rN++ Int-4}
 38934 | Slime:5  | Identified the ring "Datet" {rF+ rN+ Will- Str+6}
 38943 | Slime:5  | Identified the amulet "Ybugaymm" {Spirit rC+}
 38946 | Slime:5  | Got a slimy rune of Zot
 38948 | Slime:5  | Identified the ring "Urrosov" {rN+ Will+ rCorr Int+3}
 38965 | Slime:5  | Identified the amulet of Vautu {RegenMP rN+}
 39791 | D:15     | Found a staircase to the Depths.
 40170 | Depths:1 | Entered Level 1 of the Depths
 40378 | Depths:1 | Found an opulent altar of Gozag.
 40916 | Depths:1 | Noticed a golden dragon
 40934 | Depths:1 | Killed a golden dragon
 41061 | Depths:2 | Found a transporter.
 41146 | Depths:1 | Reached XP level 22. HP: 184/186 MP: 20/22
 41405 | Depths:1 | Gained mutation: Armour fits poorly on your pseudopods.
                  | [Jiyva's grace]
 41405 | Depths:1 | Gained mutation: Armour fits poorly on your large
                  | pseudopods. [Jiyva's grace]
 41405 | Depths:1 | Gained mutation: Armour fits poorly on your massive
                  | pseudopods. [Jiyva's grace]
 41405 | Depths:1 | Gained mutation: You have sharp toenails. [Jiyva's grace]
 41468 | Depths:1 | Found Ninuiffe's Magic Scroll Shoppe.
 41479 | Depths:1 | Bought a scroll of blinking for 97 gold pieces
 41479 | Depths:1 | Bought a scroll of blinking for 97 gold pieces
 41516 | Depths:1 | Found a gateway to Hell.
 41697 | Depths:1 | Found Fipnuam's Elemental Accessories.
 41775 | Depths:2 | Reached skill level 19 in Armour
 41979 | Depths:2 | Found a transporter.
 42000 | Depths:2 | HP: 5/187 [living spell/divine providence[a walking divine
                  | tome] (12)]
 42004 | Depths:2 | HP: 1/187 [living spell/divine providence[a walking divine
                  | tome] (9)]
 42243 | Depths:2 | Found a one-way gate leading to the halls of Pandemonium.
 42265 | Depths:2 | Noticed Margery
 42279 | Depths:2 | Killed Margery
 42463 | Depths:2 | Identified the ring of Olientes {*Corrode rN+ Will+ Dex+3}
 42495 | Depths:2 | Noticed Saint Roka
 42520 | Depths:2 | Killed Saint Roka
 42789 | Depths:2 | Found an opulent altar of Gozag.
 42911 | Depths:2 | Found a white marble altar of Elyvilon.
 43040 | Depths:2 | Identified the ring of Vikhleapp {+Blink rF+ Stlth+}
 43230 | Depths:2 | Found the ring of the Octopus King
 43235 | Depths:2 | Noticed Sojobo
 43344 | Depths:3 | Found a transporter.
 43344 | Depths:3 | Noticed a golden dragon
 43358 | Depths:4 | Entered Level 4 of the Depths
 43463 | Depths:4 | Noticed a caustic shrike
 43463 | Depths:4 | Noticed a caustic shrike
 43463 | Depths:4 | Noticed a caustic shrike
 43565 | Depths:3 | Noticed Dameikh's ghost (veteran FoFi)
 43585 | Depths:3 | Noticed a juggernaut
 43590 | Depths:3 | Noticed Roah's ghost (veteran FoFi)
 43598 | Depths:3 | Found a transporter.
 43627 | Depths:3 | Found a transporter.
 43701 | Depths:3 | Found the +4 moon troll leather armour {Spirit, Regen++
                  | MP+5}
 43773 | Depths:3 | Reached XP level 23. HP: 185/195 MP: 21/23
 43832 | Depths:3 | Found a one-way gate to the infinite horrors of the Abyss.
 43838 | Depths:3 | Lost mutation: You possess an exceptional clarity of mind.
                  | [Jiyva's grace]
 43838 | Depths:3 | Lost mutation: Your muscles are strong. (Str +4, Int/Dex
                  | -1) [Jiyva's grace]
 43838 | Depths:3 | Lost mutation: Armour fits poorly on your massive
                  | pseudopods. [Jiyva's grace]
 43838 | Depths:3 | Lost mutation: Armour fits poorly on your large pseudopods.
                  | [Jiyva's grace]
 43838 | Depths:3 | Lost mutation: You have a small jelly attached to you that
                  | senses nearby items. [Jiyva's grace]
 43838 | Depths:3 | Lost mutation: Your melee attacks may engulf your foes in
                  | ooze. [Jiyva's grace]
 43838 | Depths:3 | Gained mutation: Your movements are less encumbered by
                  | armour. (ER -4) [Jiyva's grace]
 43838 | Depths:3 | Gained mutation: Your movements are significantly less
                  | encumbered by armour. (ER -6) [Jiyva's grace]
 43838 | Depths:3 | Gained mutation: You have a pair of small antennae on your
                  | head. [Jiyva's grace]
 43838 | Depths:3 | Gained mutation: You have a pair of antennae on your head.
                  | [Jiyva's grace]
 44088 | Depths:3 | Found the ring of the Octopus King {HP+2 AC+2 EV+2 SH+2
                  | SInv}
 44102 | Depths:3 | Found a transporter.
 44169 | Depths:3 | Identified the ring "Qacek" {Fly MP-9 Str+6 Dex+9 Stlth-}
 44415 | Depths:3 | Noticed a golden dragon
 44431 | Depths:3 | Found a transporter.
 44452 | Depths:3 | Found a transporter.
 44460 | Depths:3 | Found a transporter.
 44621 | Depths:3 | Found a glowing silver altar of Zin.
 44639 | Depths:3 | Found a glowing golden altar of the Shining One.
 44640 | Depths:3 | Found a white marble altar of Elyvilon.
 44796 | Depths:4 | Noticed a caustic shrike
 44796 | Depths:4 | Noticed a caustic shrike
 45087 | Depths:3 | Killed a caustic shrike
 45305 | Depths:4 | Killed a caustic shrike
 45311 | Depths:4 | Killed a caustic shrike
 45438 | Depths:3 | Killed a caustic shrike
 45463 | Depths:4 | Reached skill level 20 in Armour
 45499 | Depths:4 | Killed a caustic shrike
 45647 | Depths:4 | Found a one-way gateway to a ziggurat.
 46170 | Depths:4 | Found a gate to the Realm of Zot.
 46466 | Depths:4 | Lost mutation: You are mostly covered in iridescent scales.
                  | (AC +4) [Jiyva's grace]
 46466 | Depths:4 | Lost mutation: Your movements are significantly less
                  | encumbered by armour. (ER -6) [Jiyva's grace]
 46466 | Depths:4 | Gained mutation: You are agile. (Dex +4, Str/Int -1)
                  | [Jiyva's grace]
 46466 | Depths:4 | Gained mutation: You are very agile. (Dex +8, Str/Int -2)
                  | [Jiyva's grace]
 46466 | Depths:4 | Gained mutation: Your muscles are strong. (Str +4, Int/Dex
                  | -1) [Jiyva's grace]
 46466 | Depths:4 | Gained mutation: Your muscles are very strong. (Str +8,
                  | Int/Dex -2) [Jiyva's grace]
 46813 | Zot:1    | Entered Level 1 of the Realm of Zot
 47008 | Zot:1    | Reached skill level 15 in Shields
 47562 | Zot:2    | Noticed a curse toe
 47622 | Zot:1    | Reached XP level 24. HP: 185/204 MP: 22/23
 47713 | Zot:2    | Found a huge runed gate.
 47713 | Zot:2    | Found a huge runed gate.
 47713 | Zot:2    | Found a huge runed gate.
 47713 | Zot:2    | Found a huge runed gate.
 47713 | Zot:2    | Found a huge runed gate.
 47713 | Zot:2    | Found a huge runed gate.
 47713 | Zot:2    | Found a huge runed gate.
 47713 | Zot:2    | Found a huge runed gate.
 47713 | Zot:2    | Found a huge runed gate.
 47713 | Zot:2    | Found a huge runed gate.
 47716 | Zot:2    | Noticed a golden dragon
 48010 | Zot:1    | Killed a golden dragon
 48099 | Zot:2    | Killed a curse toe
 48742 | Zot:2    | Noticed an orb of fire
 48742 | Zot:2    | Gained mutation: You are frail. (-10% HP) [an orb of fire]
 48748 | Zot:2    | Gained mutation: You are very frail. (-20% HP) [an orb of
                  | fire]
 48767 | Zot:2    | Lost mutation: Your gelatinous body deflects attacks. (AC
                  | +3, EV +3) [an orb of fire]
 48768 | Zot:2    | Killed an orb of fire
 48929 | Zot:2    | Found a huge runed gate.
 48930 | Zot:2    | Found a huge runed gate.
 48931 | Zot:2    | Found a huge runed gate.
 48932 | Zot:2    | Found a huge runed gate.
 48933 | Zot:2    | Found a huge runed gate.
 48934 | Zot:2    | Found a huge runed gate.
 48935 | Zot:2    | Found a huge runed gate.
 48936 | Zot:2    | Found a huge runed gate.
 48947 | Zot:2    | Noticed a Killer Klown
 48947 | Zot:2    | Noticed a Killer Klown
 49000 | Zot:1    | Killed a Killer Klown
 49025 | Zot:1    | Killed a Killer Klown
 49308 | Zot:3    | Lost mutation: You have a pair of antennae on your head.
                  | [Jiyva's grace]
 49308 | Zot:3    | Lost mutation: You have a pair of small antennae on your
                  | head. [Jiyva's grace]
 49308 | Zot:3    | Lost mutation: You are very agile. (Dex +8, Str/Int -2)
                  | [Jiyva's grace]
 49308 | Zot:3    | Lost mutation: You are very frail. (-20% HP) [Jiyva's
                  | grace]
 49308 | Zot:3    | Lost mutation: You are strong-willed. (Will+) [Jiyva's
                  | grace]
 49308 | Zot:3    | Lost mutation: Your pliable body absorbs attacks. (AC +2,
                  | EV +2) [Jiyva's grace]
 49308 | Zot:3    | Lost mutation: Your rubbery body absorbs attacks. (AC +1,
                  | EV +1) [Jiyva's grace]
 49308 | Zot:3    | Gained mutation: You have a pair of small antennae on your
                  | head. [Jiyva's grace]
 49308 | Zot:3    | Gained mutation: You have a pair of antennae on your head.
                  | [Jiyva's grace]
 49308 | Zot:3    | Gained mutation: You have a pair of large antennae on your
                  | head. (SInv) [Jiyva's grace]
 49308 | Zot:3    | Gained mutation: You expend magic power (3 MP) to
                  | strengthen your wands. [Jiyva's grace]
 50181 | Zot:3    | Noticed an orb of fire
 50184 | Zot:3    | Gained mutation: You are dopey. (Int -2) [an orb of fire]
 50199 | Zot:3    | Killed an orb of fire
 50251 | Zot:3    | Reached XP level 25. HP: 83/191 MP: 19/23
 50710 | Zot:3    | Reached skill level 21 in Armour
 51101 | Zot:4    | Noticed a curse toe
 51104 | Zot:4    | HP: 2/191 [death cob (18)]
 51104 | Zot:4    | Killed from afar by a storm dragon

Illustrated notes

#.###.###.# ###)##### #.##
#......)..# #.# #...
#####.##### #.# #### #.#
##'## # #z### ##...## #
#...## ##.....## # ##.#..##
##.......## ##.
##.#....####.........####..
##.##......@'.........'.....
#.###.#..####.....J...####..
##.##...## ##.......## ##..
##z#.### ##.....## #...
##.## ##...## ##.. #.# ##'##
#.# #.# #####.##### #.# #.#
#....#....# #.# #.#
##.#.###.#<# #.#


Turn 7550 on D:8: Lair

Levels and vault maps discovered:
D:1:      minmay_arrival_checkered_box, layout_loops_ring, minmay_octomino_c4
D:2:      minmay_alternating_diamond, layout_rooms, uniq_jessica
D:3:      layout_rooms, minitemple, lemuel_zombie_altar_yredelemnul,
          grunt_ministairs_4, skrybe_limestone_x, uniq_natasha, uniq_sigmund,
          uniq_ijyb
D:4:      minmay_angry_zag, layout_cave_pools, kennysheep_generic_room_10
D:5:      layout_basic, lemuel_crystal_altar, mainiacjoe_overflow_paths,
          cheibrodos_sewer_entry_sluice
D:6:      layout_loops_ring, temple_fountains, nrook_mini_backslash,
          kennysheep_potato
D:7:      black_bear_nest_2, layout_rooms
D:8:      layout_loops_corners, erik_lair_island, enter_bailey_3, uniq_erica
D:9:      layout_grid_maze, uniq_grum
D:10:     layout_cross, lemuel_tele_altar, dreamdust_gnoll_shepherd
D:11:     layout_cave_pools, kennysheep_orc_monster_closet_entryway,
          kb_lookout_dungeons_type, evilmike_minifort
D:12:     layout_loops_ring, serial_shops, shop, minmay_stone_trees_small
D:13:     kennysheep_demon_hangout, layout_gridville, portal_ice_cave_rime
D:14:     layout_roguey, grunt_vaults_entry_fortified, uniq_jorgrun, uniq_snorg,
          uniq_lodul
D:15:     gammafunk_enter_depths_forms, layout_irregular_city,
          nicolae_water_bricks
Lair:1:   layout_loops_ring, serial_bayou_pond_e, lemuel_fruit_tree,
          uniq_amaemon
Lair:2:   layout_cave_pods, nicolae_spider_entry_non_spiders, minivault_26,
          chequers_serial_rivers_micro_c
Lair:3:   layout_hall_layers, minmay_swamp_entry_reptiles,
          gauntlet_entry_generic, nicolae_lair_lindhole, uniq_urug, uniq_kirke
Lair:4:   minmay_lair_oklob_tunnel, layout_regular_city,
          hellmonk_ghost_happy_afterlife, grunt_megastairs_4, uniq_rupert,
          uniq_josephine
Lair:5:   minmay_lair_end_frog_pond, layout_regular_city, slime_entry_1,
          chequers_serial_rivers_marsh
Swamp:1:  layout_basic_swamp, evilmike_swamp_ruin_house_3, swamp_pool2,
          hangedman_swamp_wriggling, uniq_nikola
Swamp:2:  layout_basic_swamp, serial_swamp_ruin, evilmike_swamp_ruin_house_4,
          evilmike_swamp_ruin_rubble_2, hangedman_swamp_ruin_wall
Swamp:3:  layout_basic_swamp, hangedman_swamp_diagram, swamp_pool5,
          nicolae_swamp_frolicking_bunyips
Swamp:4:  swamp_basic_johnstein, layout_basic_swamp, uniq_aizul
Spider:1: layout_spider_delve, nicolae_spider_eight_legs
Spider:2: layout_chambers, hangedman_spider_tarantella_strand
Spider:3: layout_spider_delve, uniq_arachne
Spider:4: grunt_spider_rune_parallel
Slime:1:  layout_caves, basic_altar, cheibrodos_slime_lost_civilization_6
Slime:2:  layout_caves
Slime:3:  layout_caves
Slime:4:  layout_caves
Slime:5
Orc:1:    layout_caves
Orc:2:    st_orc_rangers, layout_caves, serial_shops, shop
Vaults:1: v_alt_pattern_5, ontoclasm_vaults_gateway, vaults_dpeg_ring,
          nicolae_vaults_mini_display_case, nicolae_vaults_network_periphery,
          ontoclasm_vaults_tryst, hangedman_vaults_capsules,
          hangedman_vaults_slice, hangedman_vaults_nodes, vaults_room_octagon,
          vaults_room_stairs_pillars, nicolae_vaults_murderbox, v_alt_pattern_4,
          layout_vaults_maze
Vaults:2: hangedman_vaults_cutoff, hangedman_vaults_unwind, v_misc_24,
          ontoclasm_vaults_pinch, vaults_room_hallway,
          ontoclasm_vaults_loading_screen, v_alt_pattern_1,
          grunt_vaults_diagonal, v_misc_18, nicolae_vaults_gold_heap,
          hangedman_vaults_slice, ontoclasm_vaults_shuriken, layout_vaults_ring,
          serial_shops, nicolae_shop_stone
Vaults:3: st_lines, vaults_mumra_hex, nicolae_vaults_asterisk,
          minmay_crypt_entry_skeletal_spiral, vaults_mumra_hexcomb, v_pattern_3,
          v_misc_1, grunt_vaults_focal, ontoclasm_vaults_eye,
          nicolae_vaults_little_squares_3, nicolae_vaults_little_squares_6,
          nicolae_vaults_windows_and_doors_thing, layout_vaults_omnibox,
          serial_shops, bzr_firewalk
Vaults:4: v_pattern_5, vaults_standard_mumra_x, v_misc_29,
          nicolae_vaults_ninety_degrees, nicolae_vaults_arrows, v_misc_24,
          ontoclasm_vaults_twist, vaults_mumra_lcd, vaults_room_fours,
          dpeg_vaults_hating_casters, nicolae_vaults_diagonal_hallway_8,
          nicolae_vaults_diagonal_hallway_7, vaults_room_pools,
          layout_vaults_omnicross, serial_shops, shop_statue
Depths:1: grunt_deathspiral_large, layout_long_grid, hell_entry, serial_shops,
          shop_statue, minmay_misc_feat_square, nicolae_elemental_shop,
          grunt_gozag_statues
Depths:2: hangedman_spin_cycle, pan_entry, hell_entry
Depths:3: gammafunk_the_bubble [the_bubble_gammafunk_roulette],
          layout_small_grid, hell_entry, nzn_ghost_randoct, abyss_entry,
          hallowed_hall
Depths:4: grunt_zot_entry_funnels, layout_cave_shapes, enter_ziggurat_d,
          hell_entry, chequers_serial_rivers_small_3
Zot:1:    layout_basic
Zot:2:    layout_misc_corridors, st_stairs_12, not_door_vault_due,
          uniq_josephina
Zot:3:    grunt_twist_and_shout, layout_concentric_octagons,
          guppyfry_library_mini
Zot:4:    cheibrodos_zot_enchanting_chambers, layout_onion_interference

Skill      XL: |  1  2  3  4  5  6  7  8  9 10 11 12 13 14 15 16 17 18 19 20 21 22 23 24 25 |
---------------+----------------------------------------------------------------------------+-----
Long Blades    | 3 4 5 7 8 10 12 14 | 14.0
Fighting       | 5 8 10 11 12 13 14 15 16 17 18 19 20 | 20.9
Armour         | 5 8 10 11 12 13 14 15 16 17 18 19 20 21 | 21.0
Evocations     | 2 5 7 9 11 12 13 14 | 14.7
Dodging        | 3 6 8 10 11 12 13 14 15 16 17 18 19 | 19.2
Shields        | 6 8 10 11 13 14 15 16 | 16.1

Action                   |  1- 3 |  4- 6 |  7- 9 | 10-12 | 13-15 | 16-18 | 19-21 | 22-24 | 25-27 || total
-------------------------+-------+-------+-------+-------+-------+-------+-------+-------+-------++-------
Melee: Long sword        |   113 |   218 |   558 |    13 |       |       |       |       |       ||   902
       Scimitar          |       |       |       |   722 |  1284 |  1670 |  2289 |  1965 |   151 ||  8081
       Unarmed           |       |       |       |       |    10 |       |       |       |       ||    10
       Kick              |       |       |       |       |   440 |   817 |  1090 |  1141 |    90 ||  3578
       Bite              |       |       |       |       |    34 |   294 |   132 |       |       ||   460
       Pseudopods        |       |       |       |       |       |       |       |   736 |    58 ||   794
 Fire: Sling             |       |       |       |       |     2 |       |       |       |       ||     2
Throw: Stone             |     1 |    16 |    19 |     9 |       |     3 |    21 |    12 |       ||    81
       Dart              |       |    11 |     8 |    21 |       |       |    19 |     8 |       ||    67
       Javelin           |       |       |       |     6 |    15 |     9 |       |       |       ||    30
Invok: Slimify           |       |       |       |       |     1 |     1 |     3 |     2 |       ||     7
       Oozemancy         |       |       |       |       |       |     3 |     1 |     3 |       ||     7
Evoke: Wand              |       |       |     2 |     7 |     2 |    12 |    22 |     6 |     1 ||    52
       Condenser vane    |       |       |       |     1 |       |     2 |     2 |     5 |     1 ||    11
       Lightning rod     |       |       |       |       |       |       |       |     3 |     3 ||     6
  Use: Scroll            |       |     6 |     1 |    14 |    11 |     5 |    13 |    17 |       ||    67
       Potion            |       |     1 |     2 |     5 |     1 |     1 |     6 |     7 |       ||    23
 Stab: Confused          |       |       |       |     3 |    32 |    44 |    22 |    15 |     1 ||   117
       Distracted        |       |       |       |       |     1 |       |     1 |     2 |       ||     4
       Invisible         |       |       |       |       |     6 |       |       |       |       ||     6
       Petrified         |       |       |       |       |     4 |       |       |       |       ||     4
Armor: Scale mail        |    49 |    68 |   131 |       |       |       |       |       |       ||   248
       Chain mail        |       |       |    42 |    29 |       |       |       |       |       ||    71
       Plate armour      |       |       |       |   316 |   549 |   624 |   753 |   528 |       ||  2770
       Skin              |       |       |       |    69 |       |       |       |       |       ||    69
       Swamp dragon scal |       |       |       |       |       |   239 |   310 |       |       ||   549
       Gold dragon scale |       |       |       |       |       |       |       |   288 |    69 ||   357
Dodge: Dodged            |    42 |   103 |   173 |   240 |   443 |  1149 |  1204 |  1218 |    86 ||  4658
Block: Buckler           |    23 |    45 |   101 |   154 |   184 |   150 |       |       |       ||   657
       Kite shield       |       |       |       |       |       |   678 |  1422 |  1285 |   113 ||  3498
